[Event "Titled Tuesday Blitz May 2 Late 2023"]
[White "Sanal, Vahap"]
[Black "Yanchenko, Roman"]
[WhiteFideId "6300545"]
[BlackFideId "4137329"]
[WhiteElo "2606"]
[BlackElo "2491"]
[Result "1-0"]
[Round "09"]
[TimeControl "180+2"]
[Date "2023.05.02"]
[WhiteClock "0:01:00"]
[BlackClock "0:00:38"]

1. e4 e6 2. d4 d5 3. Nd2 c5 4. Ngf3 Nc6 5. exd5 exd5 6. Bb5 c4 7. O-O Bd6 8. b3 cxb3 9. axb3 Ne7 10. Re1 O-O 11. Ba3 Bxa3 12. Rxa3 Bf5 13. c3 a6 14. Bf1 Rc8 15. b4 Qd6 16. h3 Ng6 17. Nb3 Rce8 18. Nc5 Bc8 19. Ra1 Nf4 20. Qd2 Qf6 21. Rxe8 Rxe8 22. Re1 Rd8 23. Re3 Ng6 24. Qe1 Kf8 25. b5 axb5 26. Bxb5 Nce7 27. Ne5 b6 28. Ncd7+ Bxd7 29. Nxd7+ Rxd7 30. Bxd7 Qd6 31. Bb5 Nf4 32. Qa1 g5 33. Qd1 h5 34. Be2 h4 35. Qb1 Kg7 36. Bg4 Qc7 37. g3 hxg3 38. fxg3 Nfg6 39. Bf5 Nf8 40. Kg2 Qd6 41. Qf1 Qc7 42. Bb1 Ne6 43. Qd3 Ng6 44. Rxe6 fxe6 45. Qxg6+ Kf8 46. Qf6+ 1-0


[Site "https://www.chess.com"]

[Event "Titled Tuesday Blitz May 2 Late 2023"]
[White "Maghsoodloo, Parham"]
[Black "Bilych, Olexiy"]
[WhiteFideId "12539929"]
[BlackFideId "14156504"]
[WhiteElo "2647"]
[BlackElo "2320"]
[Result "0-1"]
[Round "09"]
[TimeControl "180+2"]
[Date "2023.05.02"]
[WhiteClock "0:01:34"]
[BlackClock "0:01:14"]

1. e4 c5 2. Nf3 d6 3. d4 cxd4 4. Nxd4 Nf6 5. Nc3 a6 6. Bg5 Nbd7 7. Qe2 h6 8. Bh4 g6 9. O-O-O Bg7 10. f4 e5 11. Nf3 Qc7 12. fxe5 dxe5 13. h3 b5 14. a3 Bb7 15. g4 O-O 16. Bg2 Rac8 17. Kb1 Nb6 18. Rd3 Nxe4 19. Nxe4 Bxe4 20. Qxe4 Qxc2+ 21. Ka2 Na4 0-1


[Site "https://www.chess.com"]

[Event "Titled Tuesday Blitz May 2 Late 2023"]
[White "Ibarra Jerez, Jose Carlos"]
[Black "Halkias, Stelios"]
[WhiteFideId "2226332"]
[BlackFideId "4201809"]
[WhiteElo "2638"]
[BlackElo "2451"]
[Result "1-0"]
[Round "09"]
[TimeControl "180+2"]
[Date "2023.05.02"]
[WhiteClock "0:00:29"]
[BlackClock "0:00:15"]

1. e4 c5 2. Nf3 d6 3. c3 Nf6 4. h3 g6 5. Bd3 Bg7 6. Bc2 O-O 7. d4 cxd4 8. cxd4 d5 9. e5 Ne4 10. O-O Nc6 11. Nc3 Bf5 12. Bb3 Nxc3 13. bxc3 Na5 14. g4 Be4 15. Ng5 h6 16. Nxe4 dxe4 17. Bc2 Rc8 18. Bxe4 Rxc3 19. Kg2 Rc4 20. Be3 Nc6 21. Rc1 Rb4 22. a3 Rb2 23. Rb1 Rxb1 24. Qxb1 Qd7 25. Rd1 Rd8 26. f4 e6 27. d5 Ne7 28. d6 Nd5 29. Bxd5 exd5 30. Rxd5 h5 31. Kf3 Qc6 32. Qe4 f5 33. gxf5 gxf5 34. Qd3 Qd7 35. Rc5 Qe6 36. Qc4 Qxc4 37. Rxc4 Kf7 38. Rc7+ Kg6 39. Rxb7 1-0


[Site "https://www.chess.com"]

[Event "Titled Tuesday Blitz May 2 Late 2023"]
[White "Martins, Bruno Andre Leite"]
[Black "Kramnik, Vladimir"]
[WhiteFideId "1942255"]
[BlackFideId "4101588"]
[WhiteElo "2240"]
[BlackElo "2712"]
[Result "0-1"]
[Round "09"]
[TimeControl "180+2"]
[Date "2023.05.02"]
[WhiteClock "0:00:05"]
[BlackClock "0:01:28"]

1. e4 c5 2. Nf3 e6 3. d4 cxd4 4. Nxd4 a6 5. Bd3 Nf6 6. O-O Qc7 7. c4 Nc6 8. Nxc6 dxc6 9. Nc3 e5 10. Qe2 Bc5 11. Kh1 O-O 12. f4 Bg4 13. Qe1 Rad8 14. Bc2 Be6 15. b3 Bd4 16. f5 Bc8 17. Rf3 b5 18. Rb1 bxc4 19. bxc4 Qa5 20. Bg5 Rd6 21. Rh3 h6 22. Bd2 Ng4 23. Nd1 Qxa2 24. Bd3 Rfd8 25. Rg3 Bf2 26. Nxf2 Nxf2+ 27. Qxf2 Rxd3 28. Rxg7+ Kxg7 29. Bxh6+ Kh7 30. Qxa2 Rd1+ 31. Rxd1 Rxd1# 0-1


[Site "https://www.chess.com"]

[Event "Titled Tuesday Blitz May 2 Late 2023"]
[White "Kamsky, Gata"]
[Black "Koziorowicz, Michal"]
[WhiteFideId "2000024"]
[BlackFideId "21809194"]
[WhiteElo "2660"]
[BlackElo "2255"]
[Result "1-0"]
[Round "09"]
[TimeControl "180+2"]
[Date "2023.05.02"]
[WhiteClock "0:00:51"]
[BlackClock "0:00:18"]

1. e4 c5 2. Nc3 Nc6 3. Bc4 g6 4. d3 Bg7 5. Bg5 d6 6. f4 Nf6 7. Nf3 O-O 8. O-O a6 9. a3 b5 10. Ba2 Bb7 11. Qe1 b4 12. axb4 Nxb4 13. Bb3 Re8 14. Qh4 h5 15. Rae1 Qd7 16. f5 d5 17. fxg6 fxg6 18. Ne5 Qd6 19. Nxg6 c4 20. dxc4 Qc5+ 21. Be3 d4 22. Na4 Qc6 23. Bxd4 Nxe4 24. Bxg7 Qxg6 25. Be5 Nd2 26. Rf2 Nf3+ 27. Rxf3 Bxf3 28. c5+ e6 29. Bg3 Bg4 30. Re5 Kh7 31. Rg5 Qf7 32. h3 Bd1 33. Qe4+ Kh6 34. Bf4 Nd5 35. Rxd5+ Kg7 36. Rxd1 Rad8 37. Be5+ 1-0


[Site "https://www.chess.com"]

[Event "Titled Tuesday Blitz May 2 Late 2023"]
[White "Seemann, Jakub"]
[Black "Zhigalko, Sergei"]
[WhiteFideId "21874697"]
[BlackFideId "13502956"]
[WhiteElo "2364"]
[BlackElo "2626"]
[Result "1-0"]
[Round "09"]
[TimeControl "180+2"]
[Date "2023.05.02"]
[WhiteClock "0:00:06"]
[BlackClock "0:00:01"]

1. d4 Nf6 2. c4 e6 3. Nc3 Bb4 4. e3 O-O 5. Bd2 b6 6. Bd3 Bb7 7. Nh3 Re8 8. Nf4 d6 9. O-O Nbd7 10. a3 Bxc3 11. Bxc3 e5 12. dxe5 dxe5 13. Nd5 Nc5 14. Nxf6+ Qxf6 15. Bc2 Qg5 16. g3 Ne4 17. Be1 Rad8 18. Qe2 Qf6 19. f3 Ng5 20. e4 Bc8 21. Bc3 Bh3 22. Rf2 Qc6 23. Qe3 h6 24. f4 Ne6 25. Bxe5 Qxc4 26. Bb3 Qc5 27. Qxc5 Nxc5 28. Bd5 Be6 29. Bxc7 Rc8 30. Be5 f6 31. Bc3 Bf7 32. Bxf7+ Kxf7 33. e5 Rcd8 34. exf6 gxf6 35. Rc2 Nb3 36. Rf1 Rd3 37. f5 h5 38. Rf4 Nc5 39. Kg2 Ne4 40. Rh4 Nxc3 41. bxc3 Rh8 42. a4 a5 43. Rb2 Rxc3 44. Rxb6 Rc7 45. Re4 Rg8 46. Ree6 Rg4 47. Rxf6+ Ke7 48. Rg6 Rxa4 49. Kh3 Rc2 50. Rg7+ Kf8 51. Ra7 Rc8 52. Rh6 Kg8 53. f6 Re4 54. Rg7+ Kf8 55. Rh8# 1-0


[Site "https://www.chess.com"]

[Event "Titled Tuesday Blitz May 2 Late 2023"]
[White "Maurizzi, Marc`Andria"]
[Black "Indjic, Aleksandar"]
[WhiteFideId "36083534"]
[BlackFideId "911925"]
[WhiteElo "2421"]
[BlackElo "2614"]
[Result "1-0"]
[Round "09"]
[TimeControl "180+2"]
[Date "2023.05.02"]
[WhiteClock "0:00:49"]
[BlackClock "0:00:04"]

1. e4 e5 2. Nf3 Nc6 3. Bb5 a6 4. Ba4 Bc5 5. c3 Nge7 6. d4 exd4 7. cxd4 Bb4+ 8. Bd2 Bxd2+ 9. Nbxd2 d5 10. e5 Bg4 11. h3 Bh5 12. O-O O-O 13. Bxc6 Nxc6 14. Qc2 f6 15. Rfe1 fxe5 16. dxe5 Bxf3 17. Nxf3 Rxf3 18. gxf3 Qg5+ 19. Kf1 Nxe5 20. f4 Qxf4 21. Qxc7 Rf8 22. Qc5 d4 23. Qd5+ Kh8 24. Qg2 Nf3 25. Re7 g6 26. Qg3 Qf5 27. Rc1 Nd2+ 28. Kg1 Nf3+ 29. Kg2 g5 30. Rcc7 Nh4+ 31. Kf1 Qb1+ 32. Re1 Qf5 33. Qe5+ Qxe5 34. Rxe5 d3 35. Ree7 Nf5 36. Rxh7+ Kg8 37. Rhd7 Ng3+ 38. Ke1 Re8+ 39. Re7 Ne4 40. Rxe8# 1-0


[Site "https://www.chess.com"]

[Event "Titled Tuesday Blitz May 2 Late 2023"]
[White "Muradli, Mahammad"]
[Black "Tsotsonava, Elene"]
[WhiteFideId "13409301"]
[BlackFideId "13615939"]
[WhiteElo "2558"]
[BlackElo "1829"]
[Result "1-0"]
[Round "09"]
[TimeControl "180+2"]
[Date "2023.05.02"]
[WhiteClock "0:00:06"]
[BlackClock "0:00:08"]

1. e4 c5 2. c3 Nf6 3. e5 Nd5 4. d4 cxd4 5. Nf3 e6 6. cxd4 d6 7. Bc4 Nc6 8. O-O Be7 9. Bxd5 exd5 10. Nc3 Be6 11. exd6 Qxd6 12. Re1 O-O 13. Bg5 Rfe8 14. Bxe7 Rxe7 15. Qd2 Rae8 16. h3 h6 17. Ne5 Bf5 18. Nxc6 bxc6 19. Rxe7 Rxe7 20. Re1 Be6 21. Na4 Bf5 22. Nc5 g6 23. Rxe7 Qxe7 24. g4 Bc8 25. Qxh6 Qe1+ 26. Kg2 Qd1 27. Qe3 Kg7 28. b3 a5 29. a4 Kf8 30. Qe5 Qd2 31. Qh8+ Ke7 32. Qxc8 Qxd4 33. Qc7+ Kf8 34. Qxc6 Qd2 35. Qd6+ Kg7 36. Qe5+ Kg8 37. Nd7 d4 38. Qe8+ Kg7 39. Qf8+ Kh7 40. Nf6# 1-0


[Site "https://www.chess.com"]

[Event "Titled Tuesday Blitz May 2 Late 2023"]
[White "Prohaszka, Peter"]
[Black "Hansen, Eric"]
[WhiteFideId "726265"]
[BlackFideId "2606771"]
[WhiteElo "2626"]
[BlackElo "2561"]
[Result "1-0"]
[Round "09"]
[TimeControl "180+2"]
[Date "2023.05.02"]
[WhiteClock "0:00:17"]
[BlackClock "0:00:05"]

1. d4 Nf6 2. Nf3 g6 3. c3 Bg7 4. Bg5 O-O 5. Nbd2 d6 6. h3 Re8 7. e4 e5 8. dxe5 dxe5 9. Bc4 h6 10. Be3 b6 11. O-O Bb7 12. Qc2 Qe7 13. a4 Nc6 14. Rfd1 Red8 15. b4 a5 16. b5 Nb8 17. Bd3 Nbd7 18. Nb3 c6 19. c4 Rac8 20. c5 cxb5 21. axb5 Nxc5 22. Bxc5 bxc5 23. Nxa5 Ba8 24. Nc4 Nh5 25. Nb6 Rb8 26. Rxa8 Rxa8 27. Nxa8 Rxa8 28. Bc4 Nf4 29. Qb3 Rb8 30. g3 Nh5 31. Rd5 Kh7 32. Qd3 Nf6 33. Rd6 Bf8 34. Rc6 Kg7 35. Nd2 Rd8 36. Bd5 Qd7 37. Nc4 Qxh3 38. Rxf6 Kxf6 39. Qf3+ Kg5 40. Nxe5 1-0


[Site "https://www.chess.com"]

[Event "Titled Tuesday Blitz May 2 Late 2023"]
[White "Gritsenko, Nikolai"]
[Black "Grigoriants, Sergey"]
[WhiteFideId "14112493"]
[BlackFideId "4130804"]
[WhiteElo "2389"]
[BlackElo "2502"]
[Result "0-1"]
[Round "09"]
[TimeControl "180+2"]
[Date "2023.05.02"]
[WhiteClock "0:00:06"]
[BlackClock "0:00:10"]

1. b3 e5 2. Bb2 Nc6 3. c4 Nf6 4. e3 d5 5. cxd5 Nxd5 6. a3 Bd6 7. d3 O-O 8. Nf3 Qe7 9. Nbd2 a5 10. Qc2 Bd7 11. Be2 Kh8 12. O-O f5 13. g3 Rae8 14. Rfe1 e4 15. Nh4 Nf6 16. Nc4 Ne5 17. Bxe5 Bxe5 18. d4 Bd6 19. Nxa5 g5 20. Ng2 f4 21. Nxb7 f3 22. Bf1 fxg2 23. Bxg2 Bxa3 24. Qxc7 Bb4 25. Re2 Bb5 26. Rc2 Bd3 27. Rcc1 Ng4 28. Qxe7 Rxe7 29. Nc5 Nxf2 30. Nxd3 exd3 31. Rf1 Bd2 32. Bc6 Bxe3 33. Kg2 Bxd4 34. Ra4 Be3 35. Ra2 d2 36. Bf3 g4 37. Be2 h5 38. Rc2 Rd7 39. Rc3 Re7 40. Rc2 Kg7 41. Rc3 Bd4 42. Rc4 Rxe2 43. Rxd4 Nh3+ 0-1


[Site "https://www.chess.com"]

[Event "Titled Tuesday Blitz May 2 Late 2023"]
[White "Nazari, Arad"]
[Black "Yoo, Christopher Woojin"]
[WhiteFideId "12577324"]
[BlackFideId "30909694"]
[WhiteElo "2242"]
[BlackElo "2519"]
[Result "1-0"]
[Round "09"]
[TimeControl "180+2"]
[Date "2023.05.02"]
[WhiteClock "0:00:05"]
[BlackClock "0:00:02"]

1. e4 c5 2. Nf3 e6 3. d4 cxd4 4. Nxd4 Nc6 5. Nc3 Qc7 6. Be3 a6 7. Qf3 Ne5 8. Qg3 h5 9. Nf5 f6 10. O-O-O exf5 11. Nd5 Qc6 12. Bb6 fxe4 13. Nc7+ Kf7 14. Nxa8 d5 15. Bd4 Bd6 16. Qb3 Ne7 17. Nb6 Be6 18. Qc3 Nf5 19. Bxe5 Bxe5 20. Qxc6 bxc6 21. Bxa6 Bd4 22. Rxd4 Nxd4 23. c3 Nf5 24. a4 Nd6 25. b4 Nc8 26. Bxc8 Bxc8 27. Kd2 Ke6 28. Ra1 Ba6 29. Ke3 Rb8 30. a5 f5 31. Kd4 f4 32. Kc5 e3 33. fxe3 fxe3 34. Re1 e2 35. Kxc6 Ke5 36. b5 Bb7+ 37. Kc7 1-0


[Site "https://www.chess.com"]

[Event "Titled Tuesday Blitz May 2 Late 2023"]
[White "Baskakov, Egor"]
[Black "Sai Krishna G V"]
[WhiteFideId "24197866"]
[BlackFideId "5028280"]
[WhiteElo "2212"]
[BlackElo "2359"]
[Result "1-0"]
[Round "09"]
[TimeControl "180+2"]
[Date "2023.05.02"]
[WhiteClock "0:00:51"]
[BlackClock "0:00:02"]

1. e4 e5 2. Nc3 Nc6 3. g3 h5 4. h3 h4 5. g4 Nge7 6. Bg2 g5 7. Nge2 Ng6 8. d3 Bg7 9. Nd5 Nd4 10. O-O c6 11. Ne3 Nxe2+ 12. Qxe2 Nf4 13. Qd1 d5 14. Nf5 Bxf5 15. exf5 O-O 16. c3 Qb6 17. Qc2 Rfe8 18. Re1 Bf8 19. Bxf4 exf4 20. d4 Qd8 21. b4 Qf6 22. a4 a6 23. Qb3 Bd6 24. Bf3 b5 25. axb5 axb5 26. Rxe8+ Rxe8 27. Ra6 Bc7 28. Qxd5 Re1+ 29. Kg2 Qe7 30. Rxc6 Qe8 31. Rxc7 Kg7 32. f6+ Kh6 33. Qxf7 Rg1+ 34. Kh2 Rh1+ 35. Bxh1 Qe4 36. Qh5# 1-0


[Site "https://www.chess.com"]

[Event "Titled Tuesday Blitz May 2 Late 2023"]
[White "Mekhitarian, Krikor Sevag"]
[Black "Kucuksari, Kaan"]
[WhiteFideId "2107660"]
[BlackFideId "6380166"]
[WhiteElo "2604"]
[BlackElo "2364"]
[Result "1-0"]
[Round "09"]
[TimeControl "180+2"]
[Date "2023.05.02"]
[WhiteClock "0:00:15"]
[BlackClock "0:00:03"]

1. Nf3 Nf6 2. c4 b6 3. g3 Bb7 4. Bg2 e6 5. O-O Be7 6. Nc3 O-O 7. Re1 d5 8. cxd5 exd5 9. d4 Nbd7 10. Bf4 c5 11. Rc1 Ne4 12. dxc5 Nxc3 13. Rxc3 bxc5 14. h4 Re8 15. Rc1 Nb6 16. Ne5 Bf6 17. Nd3 c4 18. Nc5 Bc6 19. b3 Bb2 20. Rc2 Ba3 21. Na6 Rc8 22. bxc4 Nxc4 23. Nc7 Rxc7 24. Bxc7 Qxc7 25. Bxd5 Bc5 26. e3 Nxe3 27. Rxc5 Qb8 28. Bxc6 Rd8 29. Qe2 Qb4 30. Qxe3 1-0


[Site "https://www.chess.com"]

[Event "Titled Tuesday Blitz May 2 Late 2023"]
[White "Sieciechowicz, Marcin"]
[Black "Baskin, Robert"]
[WhiteFideId "1130170"]
[BlackFideId "24662402"]
[WhiteElo "2302"]
[BlackElo "2472"]
[Result "1-0"]
[Round "09"]
[TimeControl "180+2"]
[Date "2023.05.02"]
[WhiteClock "0:00:21"]
[BlackClock "0:00:03"]

1. d4 d5 2. Bf4 Nf6 3. e3 c5 4. c3 Nc6 5. Nd2 Bf5 6. Ngf3 e6 7. Nh4 Be4 8. Qb3 Qc8 9. f3 Bg6 10. g4 Be7 11. Be2 c4 12. Qa4 a6 13. Nxg6 hxg6 14. Kf2 b5 15. Qc2 Nd7 16. e4 dxe4 17. Nxe4 e5 18. dxe5 Ndxe5 19. Kg2 g5 20. Bg3 Ng6 21. Rad1 Nce5 22. Nd6+ Bxd6 23. Rxd6 f6 24. Qe4 O-O 25. h4 gxh4 26. Bxh4 Qe8 27. Bg3 Nxg4 28. Re6 1-0


[Site "https://www.chess.com"]

[Event "Titled Tuesday Blitz May 2 Late 2023"]
[White "Makridis, Dimitrios"]
[Black "Antonica, Dragos-Andrei"]
[WhiteFideId "25864475"]
[BlackFideId "1246372"]
[WhiteElo "2277"]
[BlackElo "2285"]
[Result "0-1"]
[Round "09"]
[TimeControl "180+2"]
[Date "2023.05.02"]
[WhiteClock "0:00:07"]
[BlackClock "0:00:08"]

1. e4 c5 2. Nf3 d6 3. d4 cxd4 4. Nxd4 Nf6 5. Nc3 a6 6. h3 e6 7. g4 b5 8. g5 Nfd7 9. a3 Bb7 10. Bg2 Be7 11. Be3 Nc6 12. h4 Nb6 13. Nxc6 Bxc6 14. Qd4 Nc4 15. Qxg7 Rf8 16. Qxh7 Nxb2 17. O-O Qa5 18. Qg7 Nc4 19. Rfe1 O-O-O 20. Qd4 Rh8 21. a4 e5 22. Qd3 Nxe3 23. axb5 Bxb5 24. Qxe3 Qb4 25. Nxb5 Qxb5 26. Reb1 Qc5 27. Rxa6 Qxe3 28. fxe3 Rxh4 29. Bf1 Bxg5 30. Kf2 Kd7 31. Bb5+ Ke6 32. Ra7 Rh2+ 33. Kg3 Rxc2 34. Ba4 Rc3 35. Bb3+ Kf6 36. Bd5 Bxe3 37. Rxf7+ Kg6 38. Rbb7 Bf4+ 39. Kf2 Rc2+ 40. Kf3 Bh6 41. Rfe7 Rf8+ 42. Kg3 Rc3+ 43. Kg2 Rc2+ 44. Kg3 Rcf2 45. Re6+ Kh5 46. Rxh6+ Kxh6 47. Rb3 Kg5 48. Re3 R8f4 49. Rd3 Rf1 50. Kg2 R4f2+ 51. Kg3 Rf4 52. Kg2 R1f2+ 53. Kg3 Rc2 54. Ra3 Rcf2 55. Rb3 Kf6 56. Rb7 R2f3+ 57. Kg2 Re3 58. Rf7+ Kg5 59. Rg7+ Kh6 60. Rg8 Rexe4 61. Rh8+ Kg5 62. Rg8+ Kf6 63. Bxe4 Rxe4 64. Kf3 Rd4 65. Ke3 Ke6 66. Rg6+ Kd5 67. Rh6 Ra4 68. Kd3 Ra3+ 69. Ke2 Kc5 70. Rh8 Kd4 71. Rh4+ e4 72. Rh8 Ra2+ 73. Ke1 d5 74. Rh3 e3 75. Rh5 Ke4 76. Rh4+ Kd3 77. Kf1 Ra1+ 78. Kg2 e2 0-1


[Site "https://www.chess.com"]

[Event "Titled Tuesday Blitz May 2 Late 2023"]
[White "Kobo, Ori"]
[Black "Tristan, Leonardo"]
[WhiteFideId "2812320"]
[BlackFideId "113816"]
[WhiteElo "2447"]
[BlackElo "2461"]
[Result "1-0"]
[Round "09"]
[TimeControl "180+2"]
[Date "2023.05.02"]
[WhiteClock "0:00:40"]
[BlackClock "0:00:42"]

1. e4 d5 2. exd5 Qxd5 3. Nc3 Qa5 4. Bc4 Nf6 5. d3 Bg4 6. f3 Bd7 7. Bd2 Qb6 8. f4 e6 9. Nf3 Bc5 10. Qe2 Qxb2 11. Rb1 Qa3 12. Rb3 Qa5 13. Ne4 Qxa2 14. Nxc5 Qxc2 15. O-O b5 16. Rc1 Qxc1+ 17. Bxc1 bxc4 18. dxc4 O-O 19. Ne5 Bc8 20. Qf3 c6 21. Nxc6 Nfd7 22. Ne7+ Kh8 23. Qxa8 Nxc5 24. Rxb8 1-0


[Site "https://www.chess.com"]

[Event "Titled Tuesday Blitz May 2 Late 2023"]
[White "Kleiman, Jake"]
[Black "Santos Ruiz, Miguel"]
[WhiteFideId "2020041"]
[BlackFideId "22291482"]
[WhiteElo "2399"]
[BlackElo "2504"]
[Result "0-1"]
[Round "09"]
[TimeControl "180+2"]
[Date "2023.05.02"]
[WhiteClock "0:00:09"]
[BlackClock "0:00:45"]

1. e4 c6 2. Nc3 d5 3. Nf3 dxe4 4. Nxe4 Nf6 5. Qe2 Na6 6. d4 Bf5 7. Ng3 Bg6 8. c3 e6 9. h4 h6 10. Ne5 Bh7 11. Nxc6 bxc6 12. Qxa6 Qb6 13. Qc4 Bd6 14. Bd3 Bxg3 15. fxg3 Bxd3 16. Qxd3 c5 17. dxc5 Qxc5 18. Be3 Qc6 19. O-O O-O 20. Bxh6 Ng4 21. Be3 Rad8 22. Qe2 f5 23. Rad1 e5 24. Rde1 Rd7 25. Bh6 Qxh6 26. Kh1 Qc6 27. Rf3 Rfd8 28. Rxf5 Rd2 29. Qe4 Qxe4 30. Rxe4 Rd1+ 0-1


[Site "https://www.chess.com"]

[Event "Titled Tuesday Blitz May 2 Late 2023"]
[White "Holt, Conrad"]
[Black "Haszon, David"]
[WhiteFideId "2034387"]
[BlackFideId "733610"]
[WhiteElo "2592"]
[BlackElo "2210"]
[Result "0-1"]
[Round "09"]
[TimeControl "180+2"]
[Date "2023.05.02"]
[WhiteClock "0:00:03"]
[BlackClock "0:00:08"]

1. d4 Nf6 2. c4 e6 3. Nc3 d5 4. Nxd5 exd5 5. e3 Bb4+ 6. Bd2 Bxd2+ 7. Qxd2 O-O 8. Bd3 a6 9. Nf3 dxc4 10. Bxc4 b5 11. Be2 Bb7 12. Qc2 Be4 13. Qc3 Nd5 14. Qb3 Nc6 15. O-O Qd6 16. Ng5 Bg6 17. Bf3 Rad8 18. Rfc1 Nce7 19. Rc5 c6 20. Rac1 h6 21. Ne4 Bxe4 22. Bxe4 Kh8 23. g3 f5 24. Bf3 g5 25. Qa3 f4 26. e4 Nc7 27. d5 fxg3 28. hxg3 Qf6 29. R5c3 g4 30. e5 Qxe5 31. Re3 Qg5 32. Qxe7 Nxd5 33. Qxg5 hxg5 34. Bxd5 Rxd5 35. Rc2 Rf6 36. Re4 Kg7 37. Rxg4 Kf7 38. b4 Ke7 39. Re4+ Kd6 40. Kg2 c5 41. bxc5+ Rxc5 42. Rce2 Rd5 43. Kh3 a5 44. Kg4 b4 45. Re8 Rff5 46. Ra8 Kc6 47. f3 Rc5 48. Rg8 Rfd5 49. Re6+ Kb5 50. Ra8 Ka4 51. Re3 Rc4+ 52. Kh5 Rcc5 53. Kg4 Rc4+ 54. Kh5 g4+ 55. Kh4 gxf3+ 56. Kh3 Rh5# 0-1


[Site "https://www.chess.com"]

[Event "Titled Tuesday Blitz May 2 Late 2023"]
[White "Tanenbaum, Zachary"]
[Black "Novik, Maxim"]
[WhiteFideId "2060850"]
[BlackFideId "4102924"]
[WhiteElo "2175"]
[BlackElo "2287"]
[Result "1-0"]
[Round "09"]
[TimeControl "180+2"]
[Date "2023.05.02"]
[WhiteClock "0:00:34"]
[BlackClock "0:00:39"]

1. e4 c6 2. d4 d5 3. exd5 cxd5 4. Bd3 Nf6 5. c3 Nc6 6. Bf4 Bg4 7. Qb3 Qd7 8. Nd2 e6 9. Ngf3 Bd6 10. Bxd6 Qxd6 11. O-O O-O 12. Rfe1 Bxf3 13. Nxf3 Rae8 14. Ne5 Re7 15. f4 Qc7 16. a4 g6 17. Qc2 Ne8 18. Qf2 Nd6 19. Qh4 f5 20. Re3 Nxe5 21. fxe5 Ne4 22. Rf1 Rg7 23. Qh6 Qa5 24. Bc2 Nd2 25. Rf4 Nc4 26. b4 Qd8 27. Rg3 a5 28. h4 axb4 29. h5 Kf7 30. hxg6+ hxg6 31. Bxf5 exf5 32. e6+ Kg8 33. Rxg6 Qe7 34. Rh4 Rxg6 35. Qh8# 1-0


[Site "https://www.chess.com"]

[Event "Titled Tuesday Blitz May 2 Late 2023"]
[White "Marek, Matyas"]
[Black "Mgeladze, Tamaz"]
[WhiteFideId "335398"]
[BlackFideId "13601202"]
[WhiteElo "2279"]
[BlackElo "2288"]
[Result "0-1"]
[Round "09"]
[TimeControl "180+2"]
[Date "2023.05.02"]
[WhiteClock "0:00:19"]
[BlackClock "0:00:56"]

1. Nf3 Nf6 2. g3 g6 3. Bg2 Bg7 4. O-O c5 5. d3 O-O 6. e4 Nc6 7. Re1 d6 8. c3 Rb8 9. d4 cxd4 10. cxd4 Bg4 11. h3 Bxf3 12. Bxf3 e5 13. d5 Nd4 14. Bg2 Rc8 15. Nc3 b5 16. Be3 Qb6 17. Qd3 b4 18. Ne2 Nd7 19. Rac1 Rc5 20. Nxd4 exd4 21. Bd2 Ne5 22. Qb3 a5 23. f4 Nd7 24. Kh2 Re8 25. Qa4 Re7 26. a3 d3 27. axb4 axb4 28. Be3 Rxc1 29. Bxc1 Qf2 30. Rd1 Qc2 31. Qxc2 dxc2 32. Rd4 Bxd4 0-1


[Site "https://www.chess.com"]

[Event "Titled Tuesday Blitz May 2 Late 2023"]
[White "Bryant, John Daniel"]
[Black "Janaszak, Dawid"]
[WhiteFideId "2031280"]
[BlackFideId "1119206"]
[WhiteElo "2455"]
[BlackElo "2220"]
[Result "1-0"]
[Round "09"]
[TimeControl "180+2"]
[Date "2023.05.02"]
[WhiteClock "0:00:29"]
[BlackClock "0:00:35"]

1. e4 c5 2. c3 e5 3. Nf3 Nc6 4. Bc4 Nf6 5. Ng5 d5 6. exd5 Na5 7. Bb5+ Bd7 8. Qa4 Bd6 9. Bxd7+ Nxd7 10. Ne4 Bc7 11. Nxc5 b6 12. Nxd7 Qxd7 13. Qxd7+ Kxd7 14. d3 Nb7 15. Be3 f5 16. f3 Rae8 17. Nd2 g5 18. O-O-O Rhg8 19. h3 h5 20. c4 Bd6 21. Kc2 Re7 22. a3 g4 23. hxg4 hxg4 24. b4 a5 25. Kb3 Kc7 26. Rh6 gxf3 27. gxf3 Rg2 28. c5 bxc5 29. bxc5 f4 30. cxd6+ Nxd6 31. Bc5 1-0


[Site "https://www.chess.com"]

[Event "Titled Tuesday Blitz May 2 Late 2023"]
[White "Papasimakopoulos, Alexandros"]
[Black "Vlassov, Nikolai"]
[WhiteFideId "4244125"]
[BlackFideId "4103360"]
[WhiteElo "2359"]
[BlackElo "2324"]
[Result "1-0"]
[Round "09"]
[TimeControl "180+2"]
[Date "2023.05.02"]
[WhiteClock "0:01:49"]
[BlackClock "0:00:59"]

1. d4 Nf6 2. Nf3 e6 3. Bg5 h6 4. Bh4 c5 5. e3 b6 6. Bd3 Bb7 7. Nbd2 g5 8. Bg3 g4 9. Nh4 Be7 10. h3 h5 11. c4 cxd4 12. exd4 d5 13. O-O dxc4 14. Nxc4 Nd5 15. Ng6 fxg6 16. Bxg6+ Kf8 17. hxg4 h4 18. Be5 Bf6 19. Qf3 Kg7 20. g5 Kxg6 21. Bxf6 Nxf6 22. Ne5+ Kh7 23. Qxb7+ Nbd7 24. gxf6 Qxf6 25. Qxd7+ Kg8 26. Rac1 Rh7 27. Rc8+ Rxc8 28. Qxc8+ Kg7 29. Rc1 1-0


[Site "https://www.chess.com"]

[Event "Titled Tuesday Blitz May 2 Late 2023"]
[White "Haydon, David L"]
[Black "Averjanov, Alexey"]
[WhiteFideId "415405"]
[BlackFideId "14109867"]
[WhiteElo "2326"]
[BlackElo "2399"]
[Result "0-1"]
[Round "09"]
[TimeControl "180+2"]
[Date "2023.05.02"]
[WhiteClock "0:00:57"]
[BlackClock "0:00:16"]

1. e4 c6 2. d4 d5 3. Nd2 dxe4 4. Nxe4 Bf5 5. Ng3 Bg6 6. Nf3 Nd7 7. Bc4 e6 8. c3 Ngf6 9. a4 a5 10. Qe2 Be7 11. Ne5 Nxe5 12. dxe5 Nd5 13. f4 Qb6 14. h4 h6 15. h5 Bh7 16. Bd3 Bxd3 17. Qxd3 O-O-O 18. Qe2 Rd7 19. Ne4 Rhd8 20. Rh3 f5 21. Nf2 Qb3 22. c4 Qb4+ 23. Kf1 Nb6 24. b3 Bf8 25. Ba3 Qd2 26. Bxf8 Qxe2+ 27. Kxe2 Rxf8 28. Rd3 g5 29. hxg6 Rg8 30. g4 Rxd3 31. Kxd3 fxg4 32. Nxg4 Rxg6 33. Ne3 Nd7 34. Kd4 Rg3 35. Rh1 Rf3 36. Ke4 Rf2 37. Ng4 Nc5+ 38. Ke3 Rb2 39. Nxh6 Rxb3+ 40. Ke2 Ra3 41. Rg1 Rxa4 42. Rg8+ Kc7 43. Rg7+ Kb6 44. Nf7 Rxc4 45. Ke3 a4 46. Nd6 Rc3+ 47. Kd4 Rf3 48. Nc8+ Kb5 49. Nd6+ Kb4 50. Rg4 Rd3# 0-1


[Site "https://www.chess.com"]

[Event "Titled Tuesday Blitz May 2 Late 2023"]
[White "Loiacono, Antonio"]
[Black "Sun, Rick"]
[WhiteFideId "895415"]
[BlackFideId "30909481"]
[WhiteElo "2257"]
[BlackElo "2169"]
[Result "1-0"]
[Round "09"]
[TimeControl "180+2"]
[Date "2023.05.02"]
[WhiteClock "0:00:07"]
[BlackClock "0:00:03"]

1. e4 d6 2. d4 Nf6 3. Nc3 Nbd7 4. Nf3 e5 5. Bc4 Be7 6. O-O O-O 7. h3 c6 8. a4 Qc7 9. Re1 h6 10. Ba2 Re8 11. Qe2 Nf8 12. dxe5 dxe5 13. Nh4 Be6 14. Nd1 Bxa2 15. Rxa2 Ne6 16. c3 Rad8 17. Nf5 Bf8 18. f3 Kh7 19. Be3 g6 20. Ng3 Rd7 21. Qf2 b6 22. Ra1 Red8 23. Ne2 Bc5 24. b4 Bxe3 25. Nxe3 Rd3 26. Red1 Rxd1+ 27. Rxd1 Rxd1+ 28. Nxd1 Qd6 29. Qe1 Nh5 30. Nf2 Nhf4 31. Nxf4 Nxf4 32. g3 Ne6 33. Qd1 Qe7 34. Qd2 Kg7 35. Kg2 h5 36. h4 Qc7 37. Nd1 f6 38. Ne3 Qd8 39. Qxd8 Nxd8 40. Kf2 Kf7 41. Ke2 Ke6 42. Kd3 Nb7 43. Kc4 a6 44. Kd3 Nd6 45. c4 Nb7 46. Kc3 a5 47. b5 cxb5 48. axb5 Nc5 49. Nd5 f5 50. exf5+ gxf5 51. Nxb6 e4 52. fxe4 Nxe4+ 53. Kd4 Nxg3 54. Nd5 f4 55. Nxf4+ Kd6 56. c5+ Kc7 57. Kd5 a4 58. Kc4 Nf5 59. Nxh5 Nxh4 60. Kb4 Nf5 61. Kxa4 Ne3 62. Nf4 Kb7 63. Kb4 Nf5 64. Nd5 Nd4 65. Kc4 Ne6 66. c6+ Ka7 67. b6+ Ka6 68. Kb4 Nd8 69. Kc5 Ne6+ 70. Kd6 Nc5 71. Kxc5 Ka5 72. b7 Ka6 73. b8=Q Ka5 74. Qb5# 1-0


[Site "https://www.chess.com"]